 Dungeon Crawl Stone Soup version 0.22.0-6-g71bd7aa (webtiles) character file.

2 tidbits the Grave Robber (level 1, 3/7 HPs)
             Began as a Felid Necromancer on Aug 14, 2018.
             Quit the game on level 2 of the Dungeon.
             The game lasted 00:00:43 (104 turns).

tidbits the Grave Robber (Felid Necromancer)         Turns: 104, Time: 00:00:45

Health: 3/7        AC:  1    Str:  4    XL:     1   Next: 25%
Magic:  4/4        EV: 18    Int: 16    God:
Gold:   5          SH:  0    Dex: 16    Spells: 2/4 levels left
                                        Lives:  0   Deaths: 0

rFire    . . .     SeeInvis +   (weapon unavailable)
rCold    . . .     Gourm    .   (shield unavailable)
rNeg     . . .     Faith    .   (armour unavailable)
rPois    .         Spirit   .   (helmet unavailable)
rElec    .         Reflect  .   (cloak unavailable)
rCorr    .         Harm     .   (gloves unavailable)
MR       .....                  (boots unavailable)
Stlth    +++.......             (no amulet)
HPRegen  0.02/turn              (no ring)
MPRegen  0.09/turn              (no ring)

@: quick
A: very small, no armour, no weapons or thrown items, stealth, claws 1, fangs 3,
see invisible, carnivore, speed 1, shaggy fur 1, slow metabolism 1, sharp paws
a: no special abilities


You were on level 2 of the Dungeon.
You were not hungry.

You visited 1 branch of the dungeon, and saw 2 of its levels.

You collected 5 gold pieces.

Inventory:

Scrolls
 a - a scroll of enchant armour {unknown}
 c - a scroll of remove curse {unknown}
Comestibles
 b - a ration


   Skills:
 - Level 2.6 Dodging
 + Level 2.8 Stealth
 + Level 0.3 Unarmed Combat
 - Level 2.0 Spellcasting
 - Level 4.0 Necromancy


You had 2 spell levels left.
You knew the following spells:

 Your Spells              Type           Power        Failure   Level  Hunger
a - Pain                  Necr           ##..         4%          1    #......
n - Animate Skeleton      Necr           N/A          4%          1    #......

Your spell library contained the following spells:

 Spells                   Type           Power        Failure   Level  Hunger
 Animate Dead             Necr           N/A          36%         4    #####..
 Vampiric Draining        Necr           ##........   12%         3    ###....
 Regeneration             Chrm/Necr      #.........   26%         3    ###....


Dungeon Overview and Level Annotations

Branches:
Dungeon (2/15)

Altars:


Innate Abilities, Weirdness & Mutations

You cannot wear armour.
You are incapable of wielding weapons or throwing items.
Your paws allow you to move quietly. (Stealth)
You have sharp claws.
You have razor-sharp teeth.
You have supernaturally acute eyesight. (SInv)
You are carnivorous and can eat meat at any time.
You cover ground quickly.
You are covered in fur. (AC +1)
You have a slow metabolism.
Your sharp claws are effective at attacking unaware monsters.


Message History

Welcome, tidbits the Felid Necromancer.
Will you prevail where others failed? Will you find the Orb of Zot?
Press ? for a list of commands and other information.
Found a staircase leading out of the dungeon.
You enter the shallow water.
Moving in this stuff is going to be slow.
You open the door.
There is an open door here.
A bat comes into view.
The bat misses you.
Casting: Pain (safe; 4% risk of failure)
Confirm with . or Enter, or press ? or * to list all spells.
Aiming: Pain (safe; 4% risk of failure)
Press: ? - help, Shift-Dir - straight line, f - bat
Aim: a bat (chance to defeat MR: 85%)
You miscast Pain.
You are very lightly contaminated with residual magic.
You hear strange and distant voices.
The bat completely misses you.
Casting: Pain (safe; 4% risk of failure)
Confirm with . or Enter, or press ? or * to list all spells.
Aiming: Pain (safe; 4% risk of failure)
Press: ? - help, Shift-Dir - straight line, f/p - bat
Aim: a bat (chance to defeat MR: 85%)
The bat writhes in agony!
You kill the bat!
You see here a bat corpse.
Memorise Animate Skeleton, consuming 1 spell level and leaving 2?
You start memorising the spell.
You continue memorising.
You finish memorising.
Spell assigned to 'n'.
Your magical contamination has completely faded away.
HP restored.
Unknown command.
A rat comes into view.
You closely miss the rat. The rat bites you.
You scratch the rat but do no damage. The rat closely misses you.
Casting: Pain (safe; 4% risk of failure)
Confirm with . or Enter, or press ? or * to list all spells.
Aiming: Pain (safe; 4% risk of failure)
Press: ? - help, Shift-Dir - straight line, f - rat
Aim: a rat (chance to defeat MR: 85%)
The rat writhes in agony!
You kill the rat!
Found 5 gold pieces.
You see here 5 gold pieces.
You now have 5 gold pieces.
Magic restored.
Found a scroll labeled KUGOEL REILU.
Unknown command.
You see here a scroll labeled KUGOEL REILU.
a - a scroll labeled KUGOEL REILU
Found a scroll labeled AJIPEPTUAFI.
Unknown command.
Unknown command.
A frilled lizard comes into view.
Found a stone staircase leading down.
The frilled lizard hisses angrily.
Casting: Pain (safe; 4% risk of failure)
Confirm with . or Enter, or press ? or * to list all spells.
Aiming: Pain (safe; 4% risk of failure)
Press: ? - help, Shift-Dir - straight line, f - frilled lizard
Aim: a frilled lizard (chance to defeat MR: 85%)
The frilled lizard writhes in agony!
You kill the frilled lizard!
You see here a scroll labeled AJIPEPTUAFI.
c - a scroll labeled AJIPEPTUAFI
There is a stone staircase leading down here.
You climb downwards. 2 bats and an adder come into view.
Found 11 arrows.
There is a stone staircase leading up here.
Found a scroll labeled DOERUBU ASOTSE.
Unknown command.
You pounce on the unaware helpless adder!
You scratch the adder.
The adder is heavily wounded.
The adder closely misses you. The bat completely misses you.
The bat closely misses you.
There is a stone staircase leading up here.
Are you sure you want to abandon this character and quit the game? (Confirm with "yes".)

.. .. #.# ...
#.. .... #..###
##....
###...##.....
.....#.....
######...b#.#
........b...#..
.......@S....#
.......(........
..#............?
###.......###.
#.......#
#.......#
#.......#
.........


You could see an adder and 2 bats.

Vanquished Creatures
  A bat (D:1)
  A frilled lizard (D:1)
  A rat (D:1)
3 creatures vanquished.

Notes
Turn   | Place    | Note
-------+----------+-------------------------------------------
     0 | D:1      | tidbits the Felid Necromancer began the quest for the Orb.
     0 | D:1      | Reached XP level 1. HP: 7/7 MP: 4/4
    25 | D:1      | Learned a level 1 spell: Animate Skeleton
   104 | D:2      | Quit the game

Action                   || total
-------------------------++-------
Melee: Unarmed           ||     3
 Cast: Pain              ||     3
 Stab: Sleeping          ||     1
Dodge: Dodged            ||     6

Table legend:
 A = Turns spent in this place as a percentage of turns spent in the entire game.
 B = Non-inter-level travel turns spent in this place as a percentage of non-inter-level travel turns spent in the entire game.
 C = Inter-level travel turns spent in this place as a percentage of turns spent in this place.
 D = Turns resting spent in this place as a percentage of non-inter-level travel turns spent in this place.
 E = Turns spent auto-exploring this place as a percentage of non-inter-level travel turns spent in this place.
 F = Non-inter-level travel turns spent in this place divided by the number of levels of this place that you've seen.
                   A       B       C       D       E      F
               +-------+-------+-------+-------+-------+----------------------
         Total | 100.0 | 100.0 |   0.0 |   0.0 |   0.0 |  52.0
       Dungeon | 100.0 | 100.0 |   0.0 |   0.0 |   0.0 |  52.0
               +-------+-------+-------+-------+-------+----------------------

Table legend:
 A = Kills in this place as a percentage of kills in entire the game.
 B = Kills by you in this place as a percentage of kills by you in the entire game.
 C = Kills by friends in this place as a percentage of kills by friends in the entire game.
 D = Other kills in this place as a percentage of other kills in the entire game.
 E = Experience gained in this place as a percentage of experience gained in the entire game.
 F = Experience gained in this place divided by the number of levels of this place that you have seen.
                   A       B       C       D       E      F
               +-------+-------+-------+-------+-------+----------------------
         Total | 100.0 | 100.0 |   N/A |   N/A | 100.0 |   1.5
       Dungeon | 100.0 | 100.0 |   N/A |   N/A | 100.0 |   1.5
               +-------+-------+-------+-------+-------+----------------------

Vault maps used:
D:1:      lightli_arrival_flooded_house
D:2:      lemuel_round_altar, nicolae_ashenzari_panopticon, minmay_fountain_box
